 Dungeon Crawl Stone Soup version 0.27.1-1-g398f81649c (webtiles) character file.

Game seed: 1223316365971123078

377 Borgoz the Slasher (level 6, -18/58 HPs)
             Began as a Gargoyle Berserker on Sept 20, 2021.
             Was a Priest of Trog.
             Demolished by an ogre (22 damage)
             ... on level 5 of the Dungeon.
             The game lasted 00:03:51 (4404 turns).

Borgoz the Slasher (Gargoyle Berserker)             Turns: 4404, Time: 00:03:52

Health: -18/58     AC: 12    Str: 20    XL:     6   Next: 73%
Magic:  6/6        EV: 10    Int:  8    God:    Trog [***...]
Gold:   92         SH:  0    Dex: 11    Spells: 5/5 levels left

rFire    . . .     SeeInvis .   a - +0 falchion
rCold    . . .     Faith    +   (no shield)
rNeg     + . .     Spirit   .   n - +0 scale mail
rPois    ∞         Reflect  .   g - +0 helmet
rElec    +         Harm     .   (no cloak)
rCorr    .         Rampage  .   (no gloves)
Will     .....                  (no boots)
Stlth    ..........             b - amulet of faith
HPRegen  0.19/turn              u - ring of flight
MPRegen  0.10/turn              (no ring)

@: berserking, flying, very quick
A: sickness immunity, AC +4, negative energy resistance 1, electricity
resistance, torment resistance 1, petrification resistance
a: Renounce Religion, Berserk, Trog's Hand


You were on level 5 of the Dungeon.
You worshipped Trog.
Trog was most pleased with you.
You visited 1 branch of the dungeon, and saw 5 of its levels.

You collected 92 gold pieces.

Inventory:

Hand Weapons
 a - a +0 falchion (weapon)
Missiles
 k - a throwing net (quivered)
Armour
 g - a +0 helmet (worn)
 n - a +0 scale mail (worn)
Jewellery
 b - an amulet of faith (around neck)
 o - a ring of fire
 r - an amulet of reflection
 u - a ring of flight (left hand)
Scrolls
 d - 2 scrolls of fog
 h - 2 scrolls of acquirement {unknown}
 i - a scroll of enchant armour {unknown}
 j - 2 scrolls of silence {unknown}
 q - a scroll of fear {unknown}
 s - 2 scrolls of noise {unknown}
 v - 2 scrolls of enchant weapon {unknown}
Potions
 c - 2 potions of attraction {unknown}
 e - 3 potions of heal wounds {unknown}
 f - a potion of cancellation {unknown}
 l - a potion of invisibility {unknown}
 m - a potion of curing {unknown}
 p - 3 potions of haste {unknown}
 t - a potion of flight {unknown}


   Skills:
 + Level 4.5 Fighting
 * Level 4.7 Long Blades
 + Level 3.8 Armour
 + Level 2.8 Dodging


You had 5 spell levels left.
You didn't know any spells.
Your spell library was empty.

Dungeon Overview and Level Annotations

Branches:
Dungeon (5/15)
 Temple: D:4-7

Altars:
Elyvilon


Innate Abilities, Weirdness & Mutations

You are immune to sickness and miasma.
Your stone body is resilient. (AC +4)
You are immune to poison.
You resist negative energy. (rN+)
You are resistant to electric shocks. (rElec)
You are resistant to unholy torment.
You are immune to petrification.


Message History

The howler monkey skeleton hits you but does no damage.
You slash the howler monkey skeleton!
The howler monkey skeleton is severely damaged.
The howler monkey skeleton hits you but does no damage.
You hit the howler monkey skeleton.
The howler monkey skeleton is almost destroyed.
The howler monkey skeleton hits you but does no damage.
You hit the howler monkey skeleton.
You destroy the howler monkey skeleton!
Trog accepts your kill.
No target in view!
No target in view!
No target in view!
No target in view!
No target in view!
No target in view!
Found 2 scrolls labelled NONATU IPNA.
v - 2 scrolls labelled NONATU IPNA
Found 29 bolts.
No target in view!
An ogre comes into view. It is wielding a +0 giant club.
Found a dented malachite amulet.
The ogre shouts!
An ogre is nearby!
An ogre is nearby!
You barely miss the ogre.
The ogre hits you with a +0 giant club!!
Ouch! That really hurt!
A red film seems to cover your vision as you go berserk!
You feel yourself moving faster!
You feel mighty! The ogre misses you.
You slash the ogre!
The ogre is moderately wounded.
You slash the ogre!
The ogre is severely wounded.
The ogre hits you with a +0 giant club!!
* * * LOW HITPOINT WARNING * * *
You barely miss the ogre.
The ogre is severely wounded.
The ogre hits you with a +0 giant club!!
You die...

#........#
#.######.#
#........##
#..#...#..#
#.#######.#
#... #...#
#..# ###.##
.... #...##
.##..
#(..#.@# #.
#..
##.###O# ##
".# ##.#
..# .## #


You could see an ogre.

Vanquished Creatures
  2 scorpions (D:4)
  A hound (D:4)
  A centaur skeleton (D:4)
  Jessica (D:2)
  Terence (D:2)
  Robin (D:2)
  4 gnolls (D:2)
  A howler monkey skeleton (D:5)
  2 adder skeletons (D:4)
  4 dart slugs
  3 endoplasms
  A giant cockroach (D:4)
  19 goblins
  8 hobgoblins
  6 jackals
  10 ball pythons
  4 bats
  3 frilled lizards
  5 kobolds
  5 rats
82 creatures vanquished.

Notes
Turn   | Place    | Note
-------+----------+-------------------------------------------
     0 | D:1      | Borgoz the Gargoyle Berserker began the quest for the Orb.
     0 | D:1      | Reached XP level 1. HP: 14/14 MP: 1/1
   307 | D:1      | Reached XP level 2. HP: 16/19 MP: 2/2
  1125 | D:2      | Found a white marble altar of Elyvilon.
  1131 | D:2      | Reached XP level 3. HP: 20/23 MP: 3/3
  1195 | D:2      | Noticed Jessica
  1209 | D:2      | Killed Jessica
  1209 | D:2      | Reached ** piety under Trog
  1368 | D:2      | Reached XP level 4. HP: 29/29 MP: 4/4
  1558 | D:2      | Noticed Robin
  1582 | D:2      | Killed Robin
  1583 | D:2      | Reached XP level 5. HP: 22/33 MP: 5/5
  1859 | D:2      | Noticed Terence
  1868 | D:2      | Killed Terence
  3434 | D:4      | Reached *** piety under Trog
  3459 | D:4      | Reached XP level 6. HP: 20/39 MP: 6/6
  4295 | D:5      | Entered Level 5 of the Dungeon
  4404 | D:5      | Demolished by an ogre

Illustrated notes

Levels and vault maps discovered:
D:1:      doesnt_arrival_eight_statues, layout_rooms,
          chequers_serial_rivers_large_a
D:2:      layout_basic, basic_altar, minmay_quantized, uniq_terence, uniq_robin,
          uniq_jessica
D:3:      layout_basic
D:4:      layout_loops_cross, dk_noncrumbling_4
D:5:      layout_basic, minmay_temple_entry_statues_pillars,
          biasface_ghost_orc_armoury, serial_shops, shop, minmay_between,
          uniq_menkaure, uniq_prince_ribbit1, uniq_eustachio

Skill      XL: |  1  2  3  4  5 |
---------------+----------------+-----
Long Blades    | 3 4 |  4.7
Dodging        | 2 |  2.8
Armour         | 3 |  3.8
Fighting       | 4 |  4.5

Action                   |  1- 3 |  4- 6 || total
-------------------------+-------+-------++-------
Melee: Falchion          |    78 |   180 ||   258
Invok: Berserk           |     1 |     2 ||     3
  Use: Scroll            |       |     2 ||     2
Armor: Animal skin       |    22 |    18 ||    40
       Scale mail        |       |    65 ||    65
Dodge: Dodged            |    44 |    98 ||   142
       Rpst.: Falchion   |    17 |    34 ||    51
